 Dungeon Crawl Stone Soup version 0.27-a0-819-g058290f16d (webtiles) character file.

Game seed: 10358534345425481391

1250 rednaxela the Chiller (level 8, -13/52 HPs)
             Began as a Vampire Ice Elementalist on Mar 29, 2021.
             Blown up by Maggie (29 damage)
             ... with a mindburst bolt
             ... on level 6 of the Dungeon on Mar 30, 2021.
             The game lasted 00:30:09 (7106 turns).

rednaxela the Chiller (Vampire Ice Elementalist)    Turns: 7106, Time: 00:30:09

Health: -13/52     AC:  3    Str:  9    XL:     8   Next: 26%
Magic:  3/17       EV: 12    Int: 18    God:
Gold:   284        SH:  0    Dex: 14    Spells: 8/19 levels left

rFire    . . .     SeeInvis +   k - +2 dagger (venom)
rCold    . . .     Faith    .   (no shield)
rNeg     . . .     Spirit   .   a - +0 robe
rPois    +         Reflect  .   (no helmet)
rElec    .         Harm     .   y - +0 cloak
rCorr    .         Rampage  .   (no gloves)
Will     .....                  (no boots)
Stlth    ++........             (no amulet)
HPRegen  0.37/turn              e - ring of poison resistance
MPRegen  0.15/turn              (no ring)

@: about to teleport, mesmerised, regenerating quickly
A: alive, fangs 3, see invisible, unbreathing 1, vampiric 2
a: Exsanguinate


You were on level 6 of the Dungeon.
You visited 1 branch of the dungeon, and saw 6 of its levels.
You also visited: Sewer.

You collected 284 gold pieces.

Inventory:

Hand Weapons
 k - a +2 dagger of venom (weapon)
   (You took it off an orc wizard on level 3 of the Dungeon)
 x - a +0 hunting sling of flaming
   (You found it on level 5 of the Dungeon)
Missiles
 n - 33 poisoned darts
Armour
 a - a +0 robe (worn)
 y - a +0 cloak (worn)
   (You took it off Crazy Yiuf on level 6 of the Dungeon)
Jewellery
 e - a ring of poison resistance (left hand)
   (You found it on level 4 of the Dungeon)
Scrolls
 b - a scroll of fog {unknown}
 d - a scroll of holy word {unknown}
 g - a scroll of teleportation {@r3 !r}
 i - a scroll of fear {unknown}
 j - a scroll of enchant armour {unknown}
 l - a scroll of summoning {unknown}
 p - a scroll of noise {unknown}
 u - a scroll of immolation {unknown}
 z - a scroll of identify {@r1}
Potions
 c - 2 potions of mutation
 f - 3 potions of curing {@q1 !q}
 h - a potion of resistance {unknown}
 m - a potion of invisibility {unknown}
 o - a potion of might {@q3 !q}
 q - 2 potions of lignification {unknown}
 r - 3 potions of cancellation {!q}
 s - a potion of degeneration {unknown}
 t - a potion of magic {unknown}
 v - a potion of heal wounds {unknown}
 w - 2 potions of flight {unknown}


   Skills:
 - Level 2.1 Dodging
 - Level 3.0 Stealth
 - Level 6.4 Spellcasting
 + Level 4.6 Summonings
 - Level 6.8 Ice Magic


You had 8 spell levels left.
You knew the following spells:

 Your Spells              Type           Power      Damage    Failure   Level
a - Freeze                Ice            100%       1d11      1%          1
b - Ozocubu's Armour      Ice            30%        N/A       1%          3
c - Frozen Ramparts       Ice            60%        1d8       1%          3
d - Summon Ice Beast      Ice/Summ       26%        N/A       11%         4

Your spell library contained the following spells:

 Spells                   Type           Power      Damage    Failure   Level
 Summon Small Mammal      Summ           88%        N/A       1%          1
 Call Imp                 Summ           22%        N/A       2%          2
 Animate Skeleton         Necr           10%        N/A       12%         1
 Apportation              Tloc           10%        N/A       12%         1
 Corona                   Hex            5%         N/A       12%         1
 Magic Dart               Conj           20%        1d4       12%         1
 Blink                    Tloc           N/A        N/A       17%         2
 Slow                     Hex            5%         N/A       17%         2
 Hailstorm                Conj/Ice       18%        3d6       28%         4
 Conjure Flame            Conj/Fire      5%         6-21      34%         3
 Mephitic Cloud           Conj/Pois/Air  5%         N/A       34%         3


Dungeon Overview and Level Annotations

Branches:
Dungeon (6/15)              Sewer (visited)
 Temple: D:4-7

Altars:
Ashenzari
Cheibriados
Nemelex Xobeh
Ru
Xom
Yredelemnul

Annotations:
D:4 Menkaure
D:6 Edmund, Maggie


Innate Abilities, Weirdness & Mutations

Your natural rate of healing is unusually fast.
You have razor-sharp teeth.
You have supernaturally acute eyesight. (SInv)
You can survive without breathing.
You are afflicted with vampirism and can become a bat while bloodless.


Message History

Your ice beast shudders.
Your ice beast hits the nameless horror but does no damage.
Send 'em back where they came from!
Your ice beast shudders.
Your ice beast hits the nameless horror but does no damage.
Something closely misses your ice beast.
There is an escape hatch in the floor here.
Really go through this one-way escape hatch?
You slide downwards.
The hatch slams shut behind you.
Level annotation: Edmund Magic restored.
A scorpion and Maggie come into view.
Maggie is wielding a +4 halberd of freezing and carrying a wand of mindburst (13).
Marking area around Maggie as unsafe for travelling.
Okay, then.
Really walk into a travel-excluded area?
Maggie shouts!
Maggie casts a spell.
Maggie attempts to bespell you! You resist with some effort.
Casting: Summon Ice Beast (dangerous; 11% risk of failure)
Confirm with . or Enter, or press ? or * to list all spells.
A chill wind blows around you.
Casting: Summon Ice Beast (dangerous; 11% risk of failure)
Confirm with . or Enter, or press ? or * to list all spells.
A chill wind blows around you.
Casting: Summon Ice Beast (dangerous; 11% risk of failure)
Confirm with . or Enter, or press ? or * to list all spells.
A chill wind blows around you. What are your orders? t - Shout!
Orders for allies: a - Attack new target. r - Retreat! s - Stop attacking. g - Guard the area. f - Follow me.
Anything else - Cancel.
Gang up on whom?
Press: ? - help, Dir - move target, f - Maggie
Aim: Maggie, wielding a +4 halberd of freezing, wearing +0 acid dragon scales and carrying a wand of mindburst (13) (ally target) Attack!
Maggie barely misses your ice beast.
The scorpion stings your ice beast but does no damage.
Your ice beast hits Maggie.
Your ice beast freezes Maggie!
Your ice beast hits Maggie.
Your ice beast freezes Maggie!
Maggie hits your ice beast with a +4 halberd of freezing!
The scorpion barely misses your ice beast.
Your ice beast hits Maggie but does no damage. x2
Your ice beast hits Maggie.
Your ice beast freezes Maggie!
Maggie casts a spell at you. The bolt of fire hits your ice beast!
Your ice beast melts!
Your ice beast dies!
The bolt of fire hits you! The scorpion stings your ice beast.
Casting: Summon Ice Beast (dangerous; 11% risk of failure)
Confirm with . or Enter, or press ? or * to list all spells.
A chill wind blows around you.
Your ice beast hits Maggie but does no damage.
Your ice beast completely misses Maggie.
The scorpion stings your ice beast!
There are monsters nearby!
Your ice beast barely misses Maggie.
Your ice beast hits Maggie but does no damage.
Maggie zaps a wand.
Your mind is blasted!
Ouch! That really hurt!
* * * LOW HITPOINT WARNING * * *
The scorpion stings your ice beast but does no damage.
What are your orders? t - Shout!
Orders for allies: a - Attack new target. p - Attack previous target. r - Retreat! s - Stop attacking. g - Guard the area. f - Follow me.
Anything else - Cancel.
Gang up on whom?
Press: ? - help, Dir - move target, f/p - Maggie
Aim: Maggie, wielding a +4 halberd of freezing, wearing +0 acid dragon scales and carrying a wand of mindburst (12) (moderately wounded, ally target) Attack!
Your ice beast closely misses Maggie.
Your ice beast barely misses Maggie.
The scorpion closely misses your ice beast.
Your ice beast closely misses Maggie.
Maggie zaps a wand.
Your mind is blasted!
* * * LOW HITPOINT WARNING * * *
Really quaff
f - 4 potions of curing {@q1 !q}?
You feel better.
Your ice beast hits Maggie.
Your ice beast freezes Maggie!
Your ice beast closely misses Maggie.
Maggie gestures at you while chanting. The bolt of fire hits your ice beast!!!
Your ice beast melts!
Your ice beast dies!
The bolt of fire misses you.
As you read the scroll labelled KUITZE MOAGA, it crumbles to dust.
You feel strangely unstable.
It was a scroll of teleportation.
Your ice beast barely misses Maggie.
Your ice beast hits Maggie but does no damage.
Maggie gestures wildly while chanting.
Maggie attempts to bespell you!
You are mesmerised by Maggie!
You cannot move away from Maggie!
Unknown command.
You cannot move away from Maggie!
Your ice beast hits Maggie.
Your ice beast freezes Maggie.
Your ice beast closely misses Maggie.
Maggie zaps a wand.
Your mind is blasted!
Ouch! That really hurt!
You die...

####....####
#...
#..........#
#...
#..YY......#
#...
#...@......+
#...
#....s.....#
#...
#..........#
#...
#..........#
####
#..........#
#.....@....#
#..........#
#..........#
#..........#
############


You could see Maggie (mesmerising, ally target), a scorpion and 2 friendly ice
beasts.

Vanquished Creatures
  2 black bears
  An ogre (D:3)
  A kobold brigand (Sewer)
  A water moccasin skeleton (D:4)
  2 centaur zombies
  2 orc priests
  A bullfrog skeleton (D:5)
  4 hounds
  3 iguanas
  2 orc wizards (D:3)
  A killer bee zombie (D:6)
  5 adders
  A river rat (Sewer)
  2 ufetubi
  2 adder skeletons (D:4)
  A worm (D:5)
  A dart slug (D:5)
  20 orcs
  3 bats
  4 endoplasms
  2 giant cockroaches
  6 goblins
  11 hobgoblins
  5 jackals
  5 quokkas
  4 ball pythons
  2 frilled lizards (D:1)
  10 kobolds
  12 rats
116 creatures vanquished.

Vanquished Creatures (collateral kills)
  An ice beast (D:3)
  A necrophage (D:6)
  A phantom (D:6)
  A water moccasin zombie (D:6)
  A scorpion (D:6)
  Crazy Yiuf (D:6)
  A bullfrog zombie (D:6)
  A bullfrog skeleton (D:6)
  2 orc wizards (D:6)
  An ufetubus (D:6)
  An orc (D:6)
12 creatures vanquished.

Grand Total: 128 creatures vanquished

Notes
Turn   | Place    | Note
-------+----------+-------------------------------------------
     0 | D:1      | rednaxela the Vampire Ice Elementalist began the quest for
                  | the Orb.
     0 | D:1      | Reached XP level 1. HP: 13/13 MP: 3/3
   311 | D:1      | Reached XP level 2. HP: 18/19 MP: 3/5
   582 | D:1      | Reached skill level 3 in Spellcasting
   582 | D:1      | Gained mutation: You are afflicted with vampirism and can
                  | become a bat while bloodless. [Vampire growth]
   582 | D:1      | Reached XP level 3. HP: 23/24 MP: 2/8
   865 | D:2      | Reached skill level 4 in Spellcasting
   903 | D:2      | Reached XP level 4. HP: 29/30 MP: 7/10
  1882 | D:3      | Found a shimmering altar of Xom.
  1896 | D:3      | Reached XP level 5. HP: 32/35 MP: 7/11
  2691 | D:3      | Reached skill level 5 in Ice Magic
  2956 | D:4      | Noticed an ogre
  3099 | D:3      | Killed an ogre
  3100 | D:3      | Reached skill level 5 in Spellcasting
  3100 | D:3      | Reached XP level 6. HP: 38/41 MP: 13/13
  3114 | D:3      | Learned a level 3 spell: Ozocubu's Armour
  3118 | D:3      | Learned a level 3 spell: Frozen Ramparts
  3179 | D:4      | Noticed Menkaure
  4158 | D:5      | Entered Level 5 of the Dungeon
  4217 | D:5      | Reached skill level 6 in Ice Magic
  4217 | D:5      | Reached XP level 7. HP: 43/46 MP: 15/15
  4508 | D:5      | Reached skill level 6 in Spellcasting
  4670 | D:5      | Found a glowing drain.
  4708 | Sewer    | Entered a sewer
  5164 | D:5      | Found a snail-covered altar of Cheibriados.
  5168 | D:5      | Found a sacrificial altar of Ru.
  5170 | D:5      | Found a basalt altar of Yredelemnul.
  5170 | D:5      | Found a sparkling altar of Nemelex Xobeh.
  5221 | D:5      | Found a broken altar of Ashenzari.
  5246 | D:5      | Learned a level 4 spell: Summon Ice Beast
  5565 | D:3      | Reached skill level 1 in Summonings
  5685 | D:6      | Reached skill level 2 in Summonings
  5826 | D:6      | Found a runed translucent door.
  5827 | D:6      | Noticed Crazy Yiuf
  5854 | D:6      | Noticed a nameless horror
  6023 | D:6      | Upgraded the game from 0.27-a0-808-g60bc5d92e6 to
                  | 0.27-a0-819-g058290f16d
  6092 | D:6      | Reached XP level 8. HP: 50/52 MP: 9/17
  6096 | D:6      | Reached skill level 3 in Summonings
  6409 | D:6      | Reached skill level 4 in Summonings
  6546 | D:6      | Killed Crazy Yiuf
  6930 | D:6      | Noticed Edmund
  7080 | D:6      | Noticed Maggie
  7106 | D:6      | Blown up by Maggie

Illustrated notes

Levels and vault maps discovered:
D:1:      matt_arrival_grand_opening, layout_rooms
D:2:      layout_basic
D:3:      layout_basic, old_standard_altar, chequers_serial_rivers_micro_d
D:4:      layout_gridville, uniq_menkaure
D:5:      layout_rooms, minitemple, kennysheep_little_box, portal_sewer_entry_a,
          kennysheep_generic_room_9
D:6:      layout_basic, uniq_edmund, uniq_maggie, uniq_crazy_yiuf_cottage

Skill      XL: |  1  2  3  4  5  6  7  8 |
---------------+-------------------------+-----
Spellcasting   | 3 4 5 6 |  6.4
Ice Magic      | 5 6 |  6.8
Summonings     | 2 4 |  4.6
Dodging        | |  2.1
Stealth        | |  3.0

Action                   |  1- 3 |  4- 6 |  7- 9 || total
-------------------------+-------+-------+-------++-------
Melee: Dagger            |     2 |    87 |   170 ||   259
       Bite              |       |     8 |    17 ||    25
 Cast: Freeze            |    37 |    79 |     9 ||   125
       Ozocubu's Armour  |       |     2 |     8 ||    10
       Summon Ice Beast  |       |       |    26 ||    26
  Use: Scroll            |       |       |     4 ||     4
       Potion            |       |       |     1 ||     1
 Stab: Sleeping          |     1 |     5 |     2 ||     8
Armor: Robe              |     4 |    19 |    49 ||    72
Dodge: Dodged            |    15 |   106 |   150 ||   271

Table legend: (Time is in decaauts)
 A = Elapsed time spent in this place.
 B = Non-inter-level travel time spent in this place.
 C = Inter-level travel time spent in this place.
 D = Time resting spent in this place.
 E = Time spent auto-exploring this place.
 F = Levels seen in this place.
 G = Mean time per level.
                   A        B        C        D        E       F      G
               +--------+--------+--------+--------+--------+-----+--------+
         Total |   7164 |   6754 |    410 |    462 |   4276 |   7 | 1023.4 |
       Dungeon |   6794 |   6384 |    410 |    462 |   4030 |   6 | 1132.3 |
         Sewer |    369 |    369 |      0 |      0 |    246 |   1 |  369.0 |
               +--------+--------+--------+--------+--------+-----+--------+

Top non-repeatable levels by time:
     D:3: 1668 daAuts
     D:6: 1270 daAuts
     D:5: 1187 daAuts
     D:4: 1056 daAuts
     D:2: 984 daAuts
     D:1: 627 daAuts
   Sewer: 369 daAuts
